 Dungeon Crawl Stone Soup version 0.29-a0-352-g0917bc69df (webtiles) character file.

Game seed: 1953478158961949260

58 bande the Skirmisher (level 4, -4/29 HPs)
             Began as a Gargoyle Fighter on Apr 25, 2022.
             Killed by divine providence
             ... invoked by an orc priest
              (10 damage)
             ... on level 3 of the Dungeon.
             The game lasted 00:02:36 (1776 turns).

bande the Skirmisher (Gargoyle Fighter)             Turns: 1776, Time: 00:02:37

Health: -4/29      AC: 11    Str: 20    XL:     4   Next: 1%
Magic:  4/4        EV:  9    Int:  8    God:
Gold:   106        SH:  4    Dex: 11    Spells: 3/3 levels left

rFire   . . .      SeeInvis .   a - +1 war axe
rCold   . . .      Faith    .   c - +0 buckler
rNeg    + . .      Spirit   .   b - +0 scale mail
rPois   ∞          Reflect  .   (no helmet)
rElec   +          Harm     .   (no cloak)
rCorr   .          Rampage  .   f - +0 pair of gloves
Will    .....                   (no boots)
Stlth   ..........              (no amulet)
HPRegen 0.09/turn               (no ring)
MPRegen 0.09/turn               (no ring)

@: no status effects
A: sickness immunity, AC +3, negative energy resistance 1, electricity
resistance, torment resistance 1, petrification resistance
a: no special abilities


You were on level 3 of the Dungeon.
You visited 1 branch of the dungeon, and saw 3 of its levels.

You collected 106 gold pieces.

Inventory:

Hand Weapons
 a - a +1 war axe (weapon)
Armour
 b - a +0 scale mail (worn)
 c - a +0 buckler (worn)
 f - a +0 pair of gloves (worn)
 g - a +0 tower shield
Potions
 d - a potion of might
 e - 3 potions of curing
 h - a potion of flight


   Skills:
 + Level 3.7 Fighting
 + Level 3.0 Axes
 + Level 3.7 Armour
 + Level 3.5 Shields


You had 3 spell levels left.
You didn't know any spells.
Your spell library was empty.

Dungeon Overview and Level Annotations

Branches:
Dungeon (3/15)

Altars:


Innate Abilities, Weirdness & Mutations

You are immune to sickness and miasma.
Your stone body is resilient. (AC +3)
You are immune to poison.
You resist negative energy. (rN+)
You are resistant to electric shocks. (rElec)
You are resistant to unholy torment.
You are immune to petrification.


Message History

Done exploring.
Done exploring.
Done exploring.
You see here a +1 vorpal trident.
There is a stone staircase leading down here.
You climb downwards.
Found a potion of curing.
Found a stone staircase leading up.
There is a stone staircase leading up here.
Found a tower shield.
An endoplasm and a kobold come into view.
Found 17 gold pieces.
The endoplasm quivers.
The kobold shouts!
You hear a shout!
You hear an angry hiss.
You see here a +0 tower shield.
g - a +0 tower shield An orc priest and a ball python come into view.
The ball python hisses angrily.
You hit the endoplasm.
The endoplasm is heavily wounded.
You barely miss the kobold. The endoplasm freezes you.
You are frozen.
The orc priest looks braver for a moment.
The kobold hits you but does no damage.
You hit the kobold but do no damage. You completely miss the endoplasm.
The endoplasm freezes you.
You are frozen.
The kobold hits you but does no damage.
Unknown command.
You barely miss the kobold. You slash the endoplasm!
You kill the endoplasm!
The kobold barely misses you.
The orc priest calls down the wrath of Beogh upon you.
Beogh smites you!
Ouch! That really hurt!
* * * LOW HITPOINT WARNING * * *
An orc comes into view. It is wielding a +0 falchion.
The kobold hits you but does no damage.
The orc priest calls down the wrath of Beogh upon you.
Beogh smites you!
You die...

.o#......... ..
.$......... ...
##....o.....
.... .......^..
#...##...!...###
................
.......SK.....#
#....@##
##.....# ##..#.#
#.<#.# #....#
#.##..# .. .###
<.. . ..## #


You could see an orc priest, an orc (wandering), a ball python and a kobold.

Vanquished Creatures
  An adder (D:2)
  3 dart slugs (D:1)
  7 bats
  3 endoplasms
  2 giant cockroaches (D:1)
  5 goblins
  4 hobgoblins
  6 kobolds
  4 quokkas
  A ball python (D:1)
  2 frilled lizards (D:1)
  4 rats
42 creatures vanquished.

Notes
Turn   | Place    | Note
-------+----------+-------------------------------------------
     0 | D:1      | bande the Gargoyle Fighter began the quest for the Orb.
     0 | D:1      | Reached XP level 1. HP: 14/14 MP: 1/1
   191 | D:1      | Reached XP level 2. HP: 14/19 MP: 2/2
   615 | D:1      | Reached XP level 3. HP: 24/24 MP: 3/3
   913 | D:1      | Found a faded altar of an unknown god.
  1671 | D:2      | Reached XP level 4. HP: 29/29 MP: 4/4
  1776 | D:3      | Killed from afar by an orc priest

Illustrated notes

Levels and vault maps discovered:
D:1:      dpeg_arrival_signposts, layout_basic,
          dilly_ecumenical_altar_fadedgnrine
D:2:      layout_basic
D:3:      layout_rooms, serial_bayou_pond_b, kennysheep_generic_room_8

Skill      XL: |  1  2  3 |
---------------+----------+-----
Axes           | 2 3 |  3.0
Fighting       | |  3.7
Armour         | |  3.7
Shields        | |  3.5

Action                   |  1- 3 |  4- 6 || total
-------------------------+-------+-------++-------
Melee: War axe           |    95 |     3 ||    98
  Use: Scroll            |     6 |       ||     6
Armor: Scale mail        |    49 |     3 ||    52
Dodge: Dodged            |    58 |     1 ||    59
Block: Buckler           |    25 |       ||    25

Table legend: (Time is in decaauts)
 A = Elapsed time spent in this place.
 B = Non-inter-level travel time spent in this place.
 C = Inter-level travel time spent in this place.
 D = Time resting spent in this place.
 E = Time spent auto-exploring this place.
 F = Levels seen in this place.
 G = Mean time per level.
                   A        B        C        D        E       F      G
               +--------+--------+--------+--------+--------+-----+--------+
         Total |   1816 |   1752 |     64 |    321 |   1080 |   3 |  605.3 |
       Dungeon |   1816 |   1752 |     64 |    321 |   1080 |   3 |  605.3 |
               +--------+--------+--------+--------+--------+-----+--------+

Top non-repeatable levels by time:
     D:1: 1232 daAuts
     D:2: 574 daAuts
     D:3: 9 daAuts
